| TOP OF THE 1ST |
|
Oakland (APP) Athletics batting - Pitching for Seattle (APP) Mariners : RHP Daniel Villalobos
|
|
Pitching: RHP Daniel Villalobos
|
|
|
Batting: LHB Tomas Segarra
|
0-0: Ball 1-0: Foul Ball, location: 2F 1-1: Foul Ball, location: 2F 1-2: Ground out U3 (Groundball, 3, EV 85.0 MPH)
|
|
Batting: RHB Matt Sherard
|
0-0: Foul Ball, location: 2F 0-1: Foul Ball, location: 2F 0-2: Ground out 6-3 (Groundball, 56D, EV 108.1 MPH)
|
|
Batting: SHB D.J. Codd
|
0-0: Foul Ball, location: 2F 0-1: SOLO HOME RUN (Flyball, 89XD, EV 107.5 MPH), Distance : 408 ft
|
|
Batting: RHB Moses Brokken
|
0-0: Called Strike 0-1: Swinging Strike 0-2: Ground out 5-3 (Groundball, 5S, EV 82.5 MPH)
|
| Top of the 1st over - 1 run, 1 hit, 0 errors, 0 left on base; Oakland (APP) 1 - Seattle (APP) 0 |
| BOTTOM OF THE 1ST |
|
Seattle (APP) Mariners batting - Pitching for Oakland (APP) Athletics : LHP Kalaida Steedman
|
|
Pitching: LHP Kalaida Steedman
|
|
|
Batting: RHB Jwahir Pili
|
0-0: Foul Ball, location: 2F 0-1: Called Strike 0-2: Ball 1-2: Strikes out swinging
|
|
Batting: RHB Julian Gregory
|
0-0: Ball 1-0: Ball 2-0: Foul Ball, location: 2F 2-1: Ground out 1-3 (Groundball, 23, EV 68.1 MPH)
|
|
Batting: RHB John Vasquez
|
0-0: Called Strike 0-1: Foul Ball, location: 2F 0-2: Strikes out swinging
|
| Bottom of the 1st over - 0 runs, 0 hits, 0 errors, 0 left on base; Oakland (APP) 1 - Seattle (APP) 0 |
| TOP OF THE 2ND |
|
Oakland (APP) Athletics batting - Pitching for Seattle (APP) Mariners : RHP Daniel Villalobos
|
|
Batting: LHB Nick Pacheco
|
0-0: Ball 1-0: Ball 2-0: SOLO HOME RUN (Flyball, 9LD, EV 91.2 MPH), Distance : 329 ft
|
|
Batting: LHB Gregg Power
|
0-0: Ground out 6-3 (Groundball, 4, EV 86.2 MPH)
|
|
Batting: RHB Scott Wiggs
|
0-0: DOUBLE (Line Drive, 78M, EV 104.4 MPH)
|
|
Batting: RHB Tetsuya Shinoda
|
0-0: Ball 1-0: SINGLE (Groundball, 34D, EV 106.9 MPH) Scott Wiggs to third Runner from 3rd tries for Home, SAFE, throw by RF to home
|
|
Batting: RHB Zack DiCicco
|
0-0: Called Strike 0-1: Ball 1-1: Foul Ball, location: 2F 1-2: Ball 2-2: SINGLE (Groundball, 6MD, EV 102.5 MPH) Tetsuya Shinoda to second Runner from 2nd tries for 3rd, OUT! 8-5
|
|
Batting: LHB Tomas Segarra
|
0-0: Ball 1-0: Ball Zack DiCicco steals 2nd base 2-0: Foul Ball, location: 2F 2-1: Ball 3-1: Base on Balls
|
|
Batting: RHB Matt Sherard
|
0-0: SINGLE (Line Drive, 6D, EV 102.5 MPH) Zack DiCicco to third Tomas Segarra to second Runner from 3rd tries for Home, SAFE, throw by CF to home
|
|
Batting: SHB D.J. Codd
|
0-0: Ball 1-0: DOUBLE (Flyball, 8LXD, EV 96.2 MPH) Tomas Segarra scores Matt Sherard to third
|
|
Batting: RHB Moses Brokken
|
0-0: Ball 1-0: Called Strike 1-1: Ground out 5-3 (Groundball, 56S, EV 68.8 MPH)
|
| Top of the 2nd over - 4 runs, 6 hits, 0 errors, 2 left on base; Oakland (APP) 5 - Seattle (APP) 0 |
| BOTTOM OF THE 2ND |
|
Seattle (APP) Mariners batting - Pitching for Oakland (APP) Athletics : LHP Kalaida Steedman
|
|
Batting: SHB Carlos Luna
|
0-0: Called Strike 0-1: Ball 1-1: Foul Ball, location: 2F 1-2: Foul Ball, location: 2F 1-2: Ball 2-2: Ball 3-2: Base on Balls
|
|
Batting: RHB Victor Rosas
|
0-0: Ball 1-0: Called Strike 1-1: Grounds into double play, 6-4-3 (Groundball, 6, EV 78.1 MPH)
|
|
Batting: RHB Kinzo Yokoyama
|
0-0: Foul Ball, location: 2F 0-1: DOUBLE (Line Drive, 89M, EV 108.1 MPH)
|
|
Batting: SHB Frank Amato
|
0-0: Ball 1-0: Ball 2-0: Called Strike 2-1: Ball 3-1: Base on Balls
|
|
Batting: RHB Danny Pujols
|
0-0: Ball 1-0: Foul Ball, location: 2F 1-1: Foul Ball, location: 2F 1-2: Strikes out looking
|
| Bottom of the 2nd over - 0 runs, 1 hit, 0 errors, 2 left on base; Oakland (APP) 5 - Seattle (APP) 0 |
| TOP OF THE 3RD |
|
Oakland (APP) Athletics batting - Pitching for Seattle (APP) Mariners : RHP Daniel Villalobos
|
|
Batting: LHB Nick Pacheco
|
0-0: Foul Ball, location: 2F 0-1: SOLO HOME RUN (Line Drive, 9D, EV 99.4 MPH), Distance : 379 ft
|
|
Batting: LHB Gregg Power
|
0-0: Foul Ball, location: 2F 0-1: Ball 1-1: Ground out 4-3 (Groundball, 4, EV 86.9 MPH)
|
|
Batting: RHB Scott Wiggs
|
0-0: Called Strike 0-1: Ball 1-1: Hit by Pitch
|
|
Pitching: RHP Bill Porter
|
|
|
Batting: RHB Tetsuya Shinoda
|
0-0: Ball 1-0: Called Strike Scott Wiggs is caught stealing 2nd base 2-4 1-1: Called Strike 1-2: Ball 2-2: SINGLE (Groundball, 34S, EV 70.6 MPH) (infield hit)
|
|
Batting: RHB Zack DiCicco
|
0-0: Ball 1-0: Called Strike 1-1: Called Strike 1-2: SINGLE (Groundball, 34S, EV 76.2 MPH) (infield hit) Tetsuya Shinoda to second
|
|
Batting: LHB Tomas Segarra
|
0-0: Ball 1-0: Fly out, F8 (Flyball, 89S, EV 74.4 MPH)
|
| Top of the 3rd over - 1 run, 3 hits, 0 errors, 2 left on base; Oakland (APP) 6 - Seattle (APP) 0 |
| BOTTOM OF THE 3RD |
|
Seattle (APP) Mariners batting - Pitching for Oakland (APP) Athletics : LHP Kalaida Steedman
|
|
Batting: RHB David Greene
|
0-0: Ball 1-0: Called Strike 1-1: Called Strike 1-2: Ball 2-2: Foul Ball, location: 2F 2-2: Ball 3-2: Strikes out looking
|
|
Batting: RHB Jwahir Pili
|
0-0: Foul Ball, location: 2F 0-1: Ball 1-1: Ball 2-1: Foul Ball, location: 2F 2-2: Strikes out swinging
|
|
Batting: RHB Julian Gregory
|
0-0: Ground out 6-3 (Groundball, 6, EV 81.2 MPH)
|
| Bottom of the 3rd over - 0 runs, 0 hits, 0 errors, 0 left on base; Oakland (APP) 6 - Seattle (APP) 0 |
| TOP OF THE 4TH |
|
Oakland (APP) Athletics batting - Pitching for Seattle (APP) Mariners : RHP Bill Porter
|
|
Batting: RHB Matt Sherard
|
0-0: Foul Ball, location: 2F 0-1: Ground out 3-1 (Groundball, 34S, EV 63.1 MPH)
|
|
Batting: SHB D.J. Codd
|
0-0: Called Strike 0-1: Ball 1-1: Ball 2-1: Foul Ball, location: 2F 2-2: Strikes out swinging
|
|
Batting: RHB Moses Brokken
|
0-0: Called Strike 0-1: Ball 1-1: SOLO HOME RUN (Flyball, 8LXD, EV 106.2 MPH), Distance : 434 ft
|
|
Batting: LHB Nick Pacheco
|
0-0: Ball 1-0: Ball 2-0: Ground out 3-1 (Groundball, 34S, EV 90.6 MPH)
|
| Top of the 4th over - 1 run, 1 hit, 0 errors, 0 left on base; Oakland (APP) 7 - Seattle (APP) 0 |
| BOTTOM OF THE 4TH |
|
Seattle (APP) Mariners batting - Pitching for Oakland (APP) Athletics : LHP Kalaida Steedman
|
|
Batting: RHB John Vasquez
|
0-0: Called Strike 0-1: Foul Ball, location: 2F 0-2: Ball 1-2: Strikes out looking
|
|
Batting: SHB Carlos Luna
|
0-0: Ball 1-0: Swinging Strike 1-1: Ball 2-1: Foul Ball, location: 2F 2-2: Foul Ball, location: 2F 2-2: Reached on error, E6 (Groundball, 56, EV 108.8 MPH)
|
|
Batting: RHB Victor Rosas
|
0-0: Ball 1-0: Fly out, F8 (Flyball, 8LM, EV 87.5 MPH)
|
|
Batting: RHB Kinzo Yokoyama
|
0-0: Swinging Strike 0-1: Foul Ball, location: 2F 0-2: Fly out, F4 (Line Drive, 4M, EV 72.5 MPH)
|
| Bottom of the 4th over - 0 runs, 0 hits, 1 error, 1 left on base; Oakland (APP) 7 - Seattle (APP) 0 |
| TOP OF THE 5TH |
|
Oakland (APP) Athletics batting - Pitching for Seattle (APP) Mariners : RHP Bill Porter
|
|
Batting: LHB Gregg Power
|
0-0: Swinging Strike 0-1: Ground out U3 (Groundball, 3, EV 83.1 MPH)
|
|
Batting: RHB Scott Wiggs
|
0-0: Called Strike 0-1: Ball 1-1: Called Strike 1-2: Foul Ball, location: 2F 1-2: Ball 2-2: Strikes out swinging
|
|
Batting: RHB Tetsuya Shinoda
|
0-0: Called Strike 0-1: Ball 1-1: Called Strike 1-2: Ball 2-2: Ground out 5-3 (Groundball, 56, EV 86.2 MPH)
|
| Top of the 5th over - 0 runs, 0 hits, 0 errors, 0 left on base; Oakland (APP) 7 - Seattle (APP) 0 |
| BOTTOM OF THE 5TH |
|
Seattle (APP) Mariners batting - Pitching for Oakland (APP) Athletics : LHP Kalaida Steedman
|
|
Batting: SHB Frank Amato
|
0-0: Fly out, F8 (Line Drive, 8LM, EV 98.1 MPH)
|
|
Batting: RHB Danny Pujols
|
0-0: Called Strike 0-1: Swinging Strike 0-2: Strikes out swinging
|
|
Batting: RHB David Greene
|
0-0: Called Strike 0-1: Swinging Strike 0-2: Ball 1-2: Foul Ball, location: 2F 1-2: Strikes out swinging
|
| Bottom of the 5th over - 0 runs, 0 hits, 0 errors, 0 left on base; Oakland (APP) 7 - Seattle (APP) 0 |
| TOP OF THE 6TH |
|
Oakland (APP) Athletics batting - Pitching for Seattle (APP) Mariners : RHP Bill Porter
|
|
Pitching: LHP Chris Wheeler
|
|
|
Batting: RHB Zack DiCicco
|
0-0: Ball 1-0: Ball 2-0: SOLO HOME RUN (Flyball, 78XD, EV 105.6 MPH), Distance : 401 ft
|
|
Batting: LHB Tomas Segarra
|
0-0: Ball 1-0: Ball 2-0: Foul Ball, location: 2F 2-1: Ball 3-1: Base on Balls
|
|
Batting: RHB Matt Sherard
|
0-0: Fly out, F8 (Flyball, 8RM, EV 76.2 MPH)
|
|
Batting: SHB D.J. Codd
|
0-0: Called Strike 0-1: Ball 1-1: Fly out, F7 (Line Drive, 7LM, EV 90.0 MPH)
|
|
Batting: RHB Moses Brokken
|
0-0: Ball 1-0: Ball Tomas Segarra steals 2nd base (no throw) 2-0: Called Strike 2-1: Ball 3-1: Base on Balls
|
|
Batting: LHB Nick Pacheco
|
0-0: Foul Ball, location: 2F 0-1: Ball 1-1: Ball 2-1: Ground out U3 (Groundball, 34S, EV 85.6 MPH)
|
| Top of the 6th over - 1 run, 1 hit, 0 errors, 2 left on base; Oakland (APP) 8 - Seattle (APP) 0 |
| BOTTOM OF THE 6TH |
|
Seattle (APP) Mariners batting - Pitching for Oakland (APP) Athletics : LHP Kalaida Steedman
|
|
Batting: RHB Jwahir Pili
|
0-0: Ball 1-0: Fly out, F9 (Line Drive, 9S, EV 93.1 MPH)
|
|
Batting: RHB Julian Gregory
|
0-0: Ball 1-0: Ball 2-0: Called Strike 2-1: Foul Ball, location: 2F 2-2: Foul Ball, location: 2F 2-2: Ball 3-2: Base on Balls
|
|
Pitching: RHP Thomas Crowner
|
|
|
Batting: RHB John Vasquez
|
0-0: Foul Ball, location: 2F 0-1: TRIPLE (Flyball, 78XD, EV 90.6 MPH) Julian Gregory scores
|
|
Batting: SHB Carlos Luna
|
0-0: Foul Ball, location: 2F 0-1: Foul Ball, location: 2F 0-2: Ball 1-2: Ball Passed Ball! John Vasquez scores 2-2: Strikes out swinging
|
|
Batting: RHB Victor Rosas
|
0-0: Ball 1-0: Ball 2-0: Ball 3-0: Base on Balls
|
|
Batting: RHB Kinzo Yokoyama
|
0-0: Ball 1-0: Ball 2-0: Ball 3-0: Base on Balls Victor Rosas to second
|
|
Batting: SHB Frank Amato
|
0-0: Ball 1-0: Ball 2-0: Ball 3-0: Called Strike 3-1: Base on Balls Victor Rosas to third Kinzo Yokoyama to second
|
|
Batting: RHB Danny Pujols
|
0-0: Called Strike 0-1: Swinging Strike 0-2: Strikes out swinging
|
| Bottom of the 6th over - 2 runs, 1 hit, 0 errors, 3 left on base; Oakland (APP) 8 - Seattle (APP) 2 |
| TOP OF THE 7TH |
|
Oakland (APP) Athletics batting - Pitching for Seattle (APP) Mariners : LHP Chris Wheeler
|
|
Batting: LHB Gregg Power
|
0-0: Ball 1-0: Fly out, F3 (Popup, 3SF, EV 76.2 MPH)
|
|
Batting: RHB Scott Wiggs
|
0-0: Ball 1-0: Ball 2-0: Ball 3-0: Swinging Strike 3-1: Base on Balls
|
|
Batting: RHB Tetsuya Shinoda
|
0-0: Hit by Pitch Scott Wiggs to second
|
|
Batting: RHB Zack DiCicco
|
0-0: Ball 1-0: Foul Ball, location: 2F 1-1: 3-RUN HOME RUN (Flyball, 7D, EV 99.4 MPH), Distance : 380 ft
|
|
Pitching: RHP Ramon Pedroza
|
|
|
Batting: LHB Tomas Segarra
|
0-0: Called Strike 0-1: Ball 1-1: Ball 2-1: SINGLE (Groundball, 6S, EV 68.1 MPH) (infield hit)
|
|
Batting: RHB Matt Sherard
|
0-0: Called Strike 0-1: Ball 1-1: SINGLE (Line Drive, 8RS, EV 95.0 MPH) Tomas Segarra to second Runner from 2nd tries for 3rd, SAFE, no throw by CF
|
|
Batting: SHB D.J. Codd
|
0-0: Called Strike Matt Sherard is caught stealing 2nd base 2-6 0-1: Called Strike 0-2: Ball 1-2: Foul Ball, location: 2F 1-2: Foul Ball, location: 2F 1-2: Hit by Pitch
|
|
Batting: RHB Moses Brokken
|
0-0: Foul Ball, location: 2F 0-1: Ball 1-1: Foul Ball, location: 2F 1-2: Foul Ball, location: 2F 1-2: Foul Ball, location: 2F 1-2: 3-RUN HOME RUN (Flyball, 7D, EV 109.4 MPH), Distance : 403 ft
|
|
Pitching: RHP Heihachiro Fujita
|
|
|
Pinch Hitting: RHB Shannon Beck
|
0-0: Called Strike 0-1: Ball 1-1: Foul Ball, location: 2F 1-2: Ball 2-2: Ball 3-2: Foul Ball, location: 2F 3-2: Foul Ball, location: 2F 3-2: SOLO HOME RUN (Flyball, 7LD, EV 92.5 MPH), Distance : 333 ft
|
|
Batting: LHB Gregg Power
|
0-0: Fly out, F7 (Flyball, 78M, EV 76.9 MPH)
|
| Top of the 7th over - 7 runs, 5 hits, 0 errors, 0 left on base; Oakland (APP) 15 - Seattle (APP) 2 |
| BOTTOM OF THE 7TH |
|
Seattle (APP) Mariners batting - Pitching for Oakland (APP) Athletics : RHP Thomas Crowner
|
|
Now at 1B: Shannon Beck
|
|
|
Batting: RHB David Greene
|
0-0: Ball 1-0: Ball 2-0: Ball 3-0: Called Strike 3-1: Swinging Strike 3-2: Strikes out looking
|
|
Batting: RHB Jwahir Pili
|
0-0: Ball 1-0: Called Strike 1-1: Swinging Strike 1-2: Hit by Pitch
|
|
Batting: RHB Julian Gregory
|
0-0: Called Strike Jwahir Pili steals 2nd base (no throw) 0-1: Foul Ball, location: 2F 0-2: Foul Ball, location: 2F 0-2: Hit by Pitch
|
|
Batting: RHB John Vasquez
|
0-0: Ball Jwahir Pili steals 3rd, throwing error, E2 Jwahir Pili scores Julian Gregory to third 1-0: Ball 2-0: Called Strike 2-1: Ball 3-1: Ground out 5-3 (Groundball, 56S, EV 92.5 MPH) Julian Gregory scores
|
|
Batting: SHB Carlos Luna
|
0-0: Called Strike 0-1: Ball 1-1: Foul Ball, location: 2F 1-2: Ball 2-2: Ground out 6-3 (Groundball, 6MS, EV 82.5 MPH)
|
| Bottom of the 7th over - 2 runs, 0 hits, 1 error, 0 left on base; Oakland (APP) 15 - Seattle (APP) 4 |
| TOP OF THE 8TH |
|
Oakland (APP) Athletics batting - Pitching for Seattle (APP) Mariners : RHP Heihachiro Fujita
|
|
Batting: RHB Scott Wiggs
|
0-0: Ball 1-0: Called Strike 1-1: Ball 2-1: Ball 3-1: Foul Ball, location: 2F 3-2: Base on Balls
|
|
Batting: RHB Tetsuya Shinoda
|
0-0: Ball 1-0: Swinging Strike 1-1: Foul Ball, location: 2F 1-2: Foul Ball, location: 2F 1-2: Foul Ball, location: 2F 1-2: Hit by Pitch Scott Wiggs to second
|
|
Batting: RHB Zack DiCicco
|
0-0: Ball 1-0: Called Strike 1-1: Ball 2-1: Foul Ball, location: 2F 2-2: Ball 3-2: Grounds into double play, 6-4-3 (Groundball, 6, EV 106.9 MPH) Scott Wiggs to third
|
|
Batting: LHB Tomas Segarra
|
0-0: Called Strike 0-1: Ball Wild Pitch! Scott Wiggs scores 1-1: Ball 2-1: Ball 3-1: Foul Ball, location: 2F 3-2: Fly out, F7 (Flyball, 7D, EV 94.4 MPH)
|
| Top of the 8th over - 1 run, 0 hits, 0 errors, 0 left on base; Oakland (APP) 16 - Seattle (APP) 4 |
| BOTTOM OF THE 8TH |
|
Seattle (APP) Mariners batting - Pitching for Oakland (APP) Athletics : RHP Thomas Crowner
|
|
Pitching: RHP Jesus Gonzales
|
|
|
Batting: RHB Victor Rosas
|
0-0: Ball 1-0: Ball 2-0: SINGLE (Groundball, 6MD, EV 98.8 MPH)
|
|
Batting: RHB Kinzo Yokoyama
|
0-0: Foul Ball, location: 2F 0-1: Grounds into double play, 1-4-3 (Groundball, 15S, EV 73.1 MPH)
|
|
Pinch Hitting: RHB Ivan Davila
|
0-0: Called Strike 0-1: Ball 1-1: Ball 2-1: Foul Ball, location: 2F 2-2: Fly out, F8 (Flyball, 8RD, EV 70.6 MPH)
|
| Bottom of the 8th over - 0 runs, 1 hit, 0 errors, 0 left on base; Oakland (APP) 16 - Seattle (APP) 4 |
| TOP OF THE 9TH |
|
Oakland (APP) Athletics batting - Pitching for Seattle (APP) Mariners : RHP Heihachiro Fujita
|
|
Now at 1B: Ivan Davila
|
|
|
Batting: RHB Matt Sherard
|
0-0: Ball 1-0: Called Strike 1-1: Swinging Strike 1-2: Foul Ball, location: 2F 1-2: Ball 2-2: Strikes out swinging
|
|
Batting: SHB D.J. Codd
|
0-0: Ball 1-0: Ball 2-0: Called Strike 2-1: Swinging Strike 2-2: SOLO HOME RUN (Flyball, 9LD, EV 90.6 MPH), Distance : 329 ft
|
|
Pitching: RHP Jim Begger
|
|
|
Batting: RHB Moses Brokken
|
0-0: Foul Ball, location: 2F 0-1: Ball 1-1: Ball 2-1: Ball 3-1: Base on Balls
|
|
Batting: RHB Shannon Beck
|
0-0: Ball 1-0: Called Strike 1-1: Swinging Strike 1-2: Ball 2-2: Ball 3-2: Base on Balls Moses Brokken to second
|
|
Batting: LHB Gregg Power
|
0-0: Swinging Strike 0-1: Ball 1-1: 3-RUN HOME RUN (Flyball, 89XD, EV 100.0 MPH), Distance : 395 ft
|
|
Batting: RHB Scott Wiggs
|
0-0: Ball 1-0: Ball 2-0: Ball 3-0: Called Strike 3-1: Base on Balls
|
|
Batting: RHB Tetsuya Shinoda
|
0-0: Called Strike 0-1: 2-RUN HOME RUN (Flyball, 7D, EV 93.8 MPH), Distance : 365 ft
|
|
Pitching: RHP Frank Cabrera
|
|
|
Batting: RHB Zack DiCicco
|
0-0: Swinging Strike 0-1: Ball 1-1: Ball 2-1: Ball 3-1: Base on Balls
|
|
Batting: LHB Tomas Segarra
|
0-0: Called Strike 0-1: Called Strike 0-2: Ball 1-2: SINGLE (Line Drive, 9S, EV 95.0 MPH) Zack DiCicco to second Runner from 2nd tries for 3rd, SAFE, throw by RF made to third
|
|
Batting: RHB Matt Sherard
|
0-0: Ball 1-0: Ball 2-0: Foul Ball, location: 2F 2-1: 3-RUN HOME RUN (Flyball, 89XD, EV 108.8 MPH), Distance : 411 ft
|
|
Batting: SHB D.J. Codd
|
0-0: Swinging Strike 0-1: Ball 1-1: Ball 2-1: Ball 3-1: Called Strike 3-2: Foul Ball, location: 2F 3-2: Base on Balls
|
|
Pitching: RHP Rickey DuMire
|
|
|
Batting: RHB Moses Brokken
|
0-0: Called Strike 0-1: Ball 1-1: Ball 2-1: Ball 3-1: Base on Balls D.J. Codd to second
|
|
Batting: RHB Shannon Beck
|
0-0: Called Strike 0-1: Ball 1-1: Swinging Strike 1-2: Ball 2-2: Ball 3-2: Base on Balls D.J. Codd to third Moses Brokken to second
|
|
Batting: LHB Gregg Power
|
0-0: Ball 1-0: Ball 2-0: Ball 3-0: Called Strike 3-1: Called Strike 3-2: Foul Ball, location: 2F 3-2: Base on Balls D.J. Codd scores Moses Brokken to third Shannon Beck to second
|
|
Pitching: RHP Dave Williams
|
|
|
Batting: RHB Scott Wiggs
|
0-0: Called Strike 0-1: Ball 1-1: Ball 2-1: Foul Ball, location: 2F 2-2: Ball 3-2: Reached on error, E4 (Groundball, 4, EV 78.8 MPH) Moses Brokken scores Shannon Beck to third Gregg Power to second
|
|
Batting: RHB Tetsuya Shinoda
|
0-0: SINGLE (Groundball, 34D, EV 94.4 MPH) Shannon Beck scores Gregg Power to third Scott Wiggs to second Runner from 3rd tries for Home, SAFE, throw by RF to home
|
|
Batting: RHB Zack DiCicco
|
0-0: Ball 1-0: 3-RUN HOME RUN (Flyball, 7D, EV 96.2 MPH), Distance : 365 ft
|
|
Batting: LHB Tomas Segarra
|
0-0: Ball 1-0: SINGLE (Line Drive, 9S, EV 92.5 MPH)
|
|
Batting: RHB Matt Sherard
|
0-0: Ball 1-0: Called Strike 1-1: Swinging Strike 1-2: Ball 2-2: Foul Ball, location: 2F 2-2: 2-RUN HOME RUN (Flyball, 78XD, EV 102.5 MPH), Distance : 404 ft
|
|
Pitching: LHP David Reyes
|
|
|
Batting: SHB D.J. Codd
|
0-0: Ball 1-0: Called Strike 1-1: Ball 2-1: Foul Ball, location: 2F 2-2: Ground out 6-3 (Groundball, 56D, EV 108.1 MPH)
|
|
Batting: RHB Moses Brokken
|
0-0: Called Strike 0-1: Called Strike 0-2: Ball 1-2: Foul Ball, location: 2F 1-2: Ball 2-2: SOLO HOME RUN (Flyball, 9LD, EV 92.5 MPH), Distance : 335 ft
|
|
Batting: RHB Shannon Beck
|
0-0: SINGLE (Groundball, 34, EV 94.4 MPH)
|
|
Batting: LHB Gregg Power
|
0-0: 2-RUN HOME RUN (Flyball, 9D, EV 100.6 MPH), Distance : 395 ft
|
|
Batting: RHB Scott Wiggs
|
0-0: Called Strike 0-1: Ball 1-1: Ball 2-1: Foul Ball, location: 2F 2-2: Ball 3-2: Fly out, F9 (Flyball, 9D, EV 95.6 MPH)
|
| Top of the 9th over - 21 runs, 12 hits, 1 error, 0 left on base; Oakland (APP) 37 - Seattle (APP) 4 |
| BOTTOM OF THE 9TH |
|
Seattle (APP) Mariners batting - Pitching for Oakland (APP) Athletics : RHP Jesus Gonzales
|
|
Batting: RHB Danny Pujols
|
0-0: SINGLE (Groundball, 34D, EV 103.8 MPH)
|
|
Batting: RHB David Greene
|
0-0: Ball 1-0: Foul Ball, location: 2F 1-1: Foul Ball, location: 2F 1-2: Foul Ball, location: 2F 1-2: Ball 2-2: Foul Ball, location: 2F 2-2: Strikes out swinging
|
|
Batting: RHB Jwahir Pili
|
0-0: Called Strike 0-1: Ball 1-1: Ball 2-1: DOUBLE (Flyball, 78D, EV 96.2 MPH) Danny Pujols to third
|
|
Batting: RHB Julian Gregory
|
0-0: Called Strike 0-1: Called Strike 0-2: Foul Ball, location: 2F 0-2: Ball 1-2: Foul Ball, location: 2F 1-2: Ball 2-2: Ball 3-2: Ground out 4-3 (Groundball, 4, EV 88.1 MPH) Danny Pujols scores Jwahir Pili to third
|
|
Batting: RHB John Vasquez
|
0-0: Ball 1-0: Foul Ball, location: 2F 1-1: Swinging Strike 1-2: Ball 2-2: Strikes out swinging
|
| Bottom of the 9th over - 1 run, 2 hits, 0 errors, 1 left on base; Oakland (APP) 37 - Seattle (APP) 5 |
|